 Dungeon Crawl Stone Soup version 0.29-a0-997-gf6f7e2dfe7 (webtiles) character file.

Game seed: 13448508873851661623

43 spiderkeys the Chopper (level 3, -7/34 HPs)
             Began as a Hill Orc Monk on Aug 4, 2022.
             Mangled by a kobold
             ... wielding the +8 quarterstaff of Gutil {vorpal, rElec Str+7 Dex-3}
              (9 damage)
             ... on level 2 of the Dungeon.
             The game lasted 00:01:34 (1699 turns).

spiderkeys the Chopper (Hill Orc Monk)              Turns: 1699, Time: 00:01:35

Health: -7/34      AC:  8    Str: 15    XL:     3   Next: 58%
Magic:  3/3        EV:  7    Int: 10    God:
Gold:   37         SH:  0    Dex: 13    Spells: 2/2 levels left

rFire   . . .      SeeInvis .   a - +0 hand axe
rCold   . . .      Faith    .   (no shield)
rNeg    . . .      Spirit   .   w - +0 chain mail
rPois   .          Reflect  .   (no helmet)
rElec   .          Harm     .   (no cloak)
rCorr   .          Rampage  .   (no gloves)
Will    .....                   (no boots)
Stlth   ..........              (no amulet)
HPRegen 0.11/turn               (no ring)
MPRegen 0.08/turn               (no ring)

@: no status effects
A: no striking features
a: no special abilities


You were on level 2 of the Dungeon.
You visited 1 branch of the dungeon, and saw 2 of its levels.

You collected 37 gold pieces.


   Skills:
 + Level 4.3 Fighting
 + Level 4.7 Axes
 + Level 1.7 Armour
 - Level 2.4 Dodging
 - Level 1.5 Stealth


You had 2 spell levels left.
You didn't know any spells.
Your spell library was empty.

Inventory:

Hand Weapons
 a - a +0 hand axe (weapon)
Missiles
 h - 16 stones (quivered)
 q - 3 javelins
 r - 5 poisoned darts
Armour
 b - a +0 robe
 j - a +0 leather armour
   (You found it on level 1 of the Dungeon)
 o - a +0 leather armour
   (You found it on level 1 of the Dungeon)
 s - a +0 robe
   (You found it on level 1 of the Dungeon)
 w - a +0 chain mail (worn)
   (You found it on level 1 of the Dungeon)
 y - a +0 leather armour
   (You found it on level 2 of the Dungeon)
Magical Staves
 i - a staff of earth {!a}
   (You found it on level 1 of the Dungeon)
 p - a staff of poison {!a}
   (You found it on level 1 of the Dungeon)
Scrolls
 d - a scroll of fog {unknown}
 f - 2 scrolls of identify {unknown}
 g - 2 scrolls of fear {unknown}
 n - a scroll of blinking {unknown}
 t - a scroll of enchant armour {unknown}
 u - 2 scrolls of enchant weapon {unknown}
 x - a scroll of immolation {unknown}
 z - a scroll of teleportation {unknown}
Potions
 c - a potion of ambrosia
 e - a potion of degeneration {unknown}
 k - 2 potions of haste {unknown}
 l - a potion of attraction {unknown}
 m - a potion of magic {unknown}
 v - a potion of flight {unknown}
 A - a potion of curing {unknown}

Dungeon Overview and Level Annotations

Branches:
Dungeon (2/15) Zot: 10293

Altars:

#.##....##<............#
#.##.##.##.......#####.#
#.......##......†# #.#
#.##.##.##.......# #.#
#.#...#.##.......# #.#
#.#...#.########## #.#
#.#...#.# #.#
#.##.##.####.#### #..
#........@K.....# ##.
####.##.####..... #....#
#.# ######


You could see a kobold.


Message History

An endoplasm is nearby!
You hit the endoplasm. The endoplasm freezes you.
You are frozen. 😕 HP[-3]
You take 3 damage, and now have 30/33 hp.
You hit the endoplasm but do no damage.
The endoplasm hits you but does no damage.
You hit the endoplasm. The endoplasm freezes you.
You are frozen. 😕 HP[-1]
You take 1 damage, and now have 29/33 hp.
You hit the endoplasm.
You kill the endoplasm! 😕 HP[+1]
You now have 34 max hp (+1).
No target in view!
No target in view!
A - a black potion 😎 HP[+4]
Your hp is fully restored (34).
Key pressed, stopping explore.
A ball python comes into view.
The ball python hisses angrily.
A ball python is nearby!
You hit the ball python. The ball python bites you. The ball python grabs you.
The ball python constricts you.
The ball python bites you but does no damage.
The ball python constricts you. 😕 HP[-2]
You take 2 damage, and now have 32/34 hp.
You barely miss the ball python. The ball python bites you.
The ball python constricts you. 😕 HP[-2]
You take 2 damage, and now have 30/34 hp.
You closely miss the ball python.
The ball python bites you but does no damage.
The ball python constricts you.
You barely miss the ball python. The ball python bites you.
The ball python constricts you. The ball python barely misses you.
The ball python constricts you. 😕 HP[-2]
You take 2 damage, and now have 28/34 hp.
You hit the ball python.
You kill the ball python!
No target in view!
No target in view!
No target in view!
A frilled lizard comes into view.
Found a stone staircase leading up.
The frilled lizard hisses angrily.
A frilled lizard is nearby! 😎 HP[+6]
Your hp is fully restored (34).
A frilled lizard is nearby!
A frilled lizard is nearby!
The frilled lizard bites you but does no damage.
You hit the frilled lizard.
You kill the frilled lizard!
No target in view!
No target in view!
No target in view!
Key pressed, stopping explore.
Found a stone staircase leading down.
u - 2 scrolls labelled PEULOE UPTUINO (gained 1)
A kobold comes into view.
It is wielding the +8 quarterstaff of Gutil {vorpal, rElec Str+7 Dex-3}.
The kobold shouts!
You closely miss the kobold. The kobold barely misses you.
You closely miss the kobold.
The kobold hits you with the +8 quarterstaff of Gutil {vorpal, rElec Str+7 Dex-3}! 😮 HP[-9]
You take 9 damage, and now have 25/34 hp.
MASSIVE DAMAGE!! (PAUSE)
You barely miss the kobold.
The kobold hits you with the +8 quarterstaff of Gutil {vorpal, rElec Str+7 Dex-3}.
* * * LOW HITPOINT WARNING * * *
😨 HP[-8]
You take 8 damage, and now have 17/34 hp.
MASSIVE DAMAGE!! (PAUSE)
You hit the kobold but do no damage.
The kobold hits you with the +8 quarterstaff of Gutil {vorpal, rElec Str+7 Dex-3}!
* * * LOW HITPOINT WARNING * * *
x2 The kobold barely misses you. 😱 HP[-10]
You take 10 damage, and now have 7/34 hp.
MASSIVE DAMAGE!! (PAUSE)
Press: ? - help, v - describe, . - travel
Here: a kobold, wielding the +8 quarterstaff of Gutil {vorpal, rElec Str+7 Dex-3} and wearing a +0 ring mail A stone staircase leading down.
Okay, then.
You hit the kobold but do no damage.
The kobold hits you with the +8 quarterstaff of Gutil {vorpal, rElec Str+7 Dex-3}.
* * * LOW HITPOINT WARNING * * *
x2 😱 HP[-5]
You take 5 damage, and now have 2/34 hp.
You barely miss the kobold.
The kobold hits you with the +8 quarterstaff of Gutil {vorpal, rElec Str+7 Dex-3}!
You die...

Skill      XL: |  1  2 |
---------------+-------+-----
Armour         | 1 |  1.7
Fighting       | 4 |  4.3
Axes           | |  4.7
Dodging        | |  2.4
Stealth        | |  1.5

Action                   || total
-------------------------++-------
Melee: Hand axe          ||    90
       Punch             ||     1
 Stab: Sleeping          ||     1
Armor: Robe              ||     3
       Chain mail        ||    21
Dodge: Dodged            ||    40

Levels and vault maps discovered:
D:1:      nagdon_arrival_double_spiral, layout_basic,
          shapermc_ecumenical_altar_mp_vishouse
D:2:      layout_loops_cross, serial_bayou_pond_a

Notes
Turn   | Place    | Note
-------+----------+-------------------------------------------
     0 | D:1      | spiderkeys the Hill Orc Monk began the quest for the Orb.
     0 | D:1      | Reached XP level 1. HP: 19/19 MP: 1/1
     0 | D:1      | magus.rc [v1.11.3]
   185 | D:1      | Reached XP level 2. HP: 27/27 MP: 2/2
   238 | D:1      | Reached skill level 1 in Armour
   629 | D:1      | Reached skill level 4 in Fighting
  1150 | D:1      | Found a faded altar of an unknown god.
  1312 | D:2      | Reached XP level 3. HP: 31/33 MP: 3/3
  1691 | D:2      | Identified the +8 quarterstaff of Gutil {vorpal, rElec
                  | Str+7 Dex-3}
  1697 | D:2      | HP: 7/34 [kobold/the +8 quarterstaff of Gutil {vorpal,
                  | rElec Str+7 Dex-3} (3)]
  1698 | D:2      | HP: 3/34 [kobold/the +8 quarterstaff of Gutil {vorpal,
                  | rElec Str+7 Dex-3} (4)]
  1699 | D:2      | Mangled by a kobold

Vanquished Creatures
  An adder (D:2)
  2 dart slugs (D:1)
  7 ball pythons
  2 bats
  3 endoplasms (D:2)
  2 goblins (D:1)
  2 hobgoblins (D:2)
  2 kobolds
  2 quokkas (D:1)
  A frilled lizard (D:2)
  4 rats
28 creatures vanquished.

Vanquished Creatures (others)
  4 plants (D:2)
4 creatures vanquished.

Grand Total: 32 creatures vanquished

Table legend:
 A = Non-vault XP
 B = Vault XP
 C = Vault XP percentage of total XP
 D = Non-vault monster count
 E = Vault monster count
 F = Vault count percentage of total count
                 A         B        C        D         E       F
            +---------+---------+-------+---------+---------+-------
      Total |      62 |       0 |   0.0 |      28 |       0 |   0.0
            +---------+---------+-------+---------+---------+-------
        D:1 |      30 |       0 |   0.0 |      15 |       0 |   0.0
        D:2 |      32 |       0 |   0.0 |      13 |       0 |   0.0
            +---------+---------+-------+---------+---------+-------

Illustrated notes

Table legend:
 A = Kills in this place as a percentage of kills in entire the game.
 B = Kills by you in this place as a percentage of kills by you in the entire game.
 C = Kills by friends in this place as a percentage of kills by friends in the entire game.
 D = Other kills in this place as a percentage of other kills in the entire game.
 E = Experience gained in this place as a percentage of experience gained in the entire game.
 F = Experience gained in this place divided by the number of levels of this place that you have seen.
                   A       B       C       D       E      F
               +-------+-------+-------+-------+-------+----------------------
         Total | 100.0 | 100.0 |   N/A |   N/A | 100.0 |  31.0
       Dungeon | 100.0 | 100.0 |   N/A |   N/A | 100.0 |  31.0
               +-------+-------+-------+-------+-------+----------------------

Table legend: (Time is in decaauts)
 A = Elapsed time spent in this place.
 B = Non-inter-level travel time spent in this place.
 C = Inter-level travel time spent in this place.
 D = Time resting spent in this place.
 E = Time spent auto-exploring this place.
 F = Levels seen in this place.
 G = Mean time per level.
                   A        B        C        D        E       F      G
               +--------+--------+--------+--------+--------+-----+--------+
         Total |   1705 |   1694 |     11 |      0 |   1481 |   2 |  852.5 |
       Dungeon |   1705 |   1694 |     11 |      0 |   1481 |   2 |  852.5 |
               +--------+--------+--------+--------+--------+-----+--------+

Top non-repeatable levels by time:
     D:1: 1264 daAuts
     D:2: 440 daAuts
